 Dungeon Sprint DCSS version 0.18.1-50-g88ac8fd (webtiles) character file.

2013 Kagutsuchi the Fighter (level 9, -21/92 HPs)
             Began as a White Draconian Berserker on Oct 22, 2016.
             Was an Elder of Trog.
             Demolished by a tentacle (27 damage)
             ... attached to a kraken
             ... in the Dungeon (Sprint II: "The Violet Keep of Menkaure").
             The game lasted 00:06:03 (1245 turns).

Kagutsuchi the Fighter (White Draconian Berserker)  Turns: 1245, Time: 00:06:04

Health: -21/92     AC:  7    Str: 21    XL:     9   Next: 2%
Magic:  8/8        EV: 21    Int:  6    God:    Trog [****..]
Gold:   84         SH:  0    Dex: 18    Spells: 0 memorised, 8 levels left

rFire  . . .     SeeInvis .     b - +5 broad axe of Mayhem {vamp, *Rage MR++ Dex+4}
rCold  + . .     Gourm    .     (armour unavailable)
rNeg   . . .     Faith    .     (no shield)
rPois  .         Spirit   .     (helmet restricted)
rElec  .         Dismiss  .     (no cloak)
rCorr  .         Reflect  .     (no gloves)
SustAt .         Harm     .     (no boots)
MR     ++...     Rnd*Rage +     (no amulet)
Stlth  +......... NoTele   +    (no ring)
                                (no ring)

@: very resistant to hostile enchantments, very unstealthy
A: breathe frost, unfitting armour, berserk 1, cold resistance 1, dopey 1, low
mp 1, strong 1, cold-blooded, AC +7
a: Breathe Frost, Berserk, Trog's Hand, Brothers in Arms, Burn Spellbooks,
Renounce Religion


You were in the Dungeon.
You worshipped Trog.
Trog was greatly pleased with you.
You were full.

You visited 1 branch You collected 810 gold pieces.
You spent 726 gold pieces at shops.

Inventory:

Hand Weapons
 a - a +0 falchion
 b - the +5 broad axe of Mayhem (weapon) {vamp, *Rage MR++ Dex+4}
   (You bought it in a shop in the Dungeon)

   It inflicts no extra harm, but heals its wielder somewhat when it strikes a
   living foe.
   It affects your dexterity (+4).
   It affects your resistance to hostile enchantments.
   It may make you go berserk in combat.
Scrolls
 h - a scroll of blinking
Potions
 c - 3 potions of curing
 e - a potion of haste
 f - 2 potions of magic
 g - a potion of berserk rage
Comestibles
 i - a meat ration
 k - a bread ration


   Skills:
 + Level 12.6 Fighting
 + Level 11.4 Long Blades
 + Level 2.6 Axes
 + Level 11.5 Dodging
 + Level 0.4 Stealth


You had 8 spell levels left.
You didn't know any spells.

Dungeon Overview and Level Annotations

Branches:
Dungeon (1/1)

Altars:
Cheibriados
Dithmenos
Elyvilon
Fedhas
Gozag
Kikubaaqudgha
Makhleb
Nemelex Xobeh
Okawaru
Pakellas
Qazlal
Ru
Sif Muna
Trog
Vehumet
Xom
Yredelemnul
Zin
The Shining One
Beogh
Jiyva
Lugonu

Shops:
D =!:([!*[}!=(%?:(

Annotations:
D exclusions: oklob plant and orange crystal statue


Innate Abilities, Weirdness & Mutations

You can breathe waves of freezing cold.
You can buffet flying creatures when you breathe cold.
Your icy white scales are hard (AC +7).
Your body does not fit into most forms of armour.
Your flesh is cold resistant.
You are cold-blooded and may be slowed by cold attacks.
You tend to lose your temper in combat.
You are dopey. (Int -2)
Your magical capacity is low (-10% MP).
Your muscles are strong. (Str +2)


Message History

Your two-headed ogre hits the tentacle with a giant club!!
The tentacle dies!
The tentacle barely misses you. The tentacle closely misses you.
The tentacle slaps you but does no damage.
You slash the tentacle!
You feel better.
You tail-slap the tentacle, but do no damage.
The tentacle is moderately wounded.
A tentacle rises from the water!
The tentacle slaps you! x2
You barely miss the tentacle.
The tentacle is moderately wounded.
The tentacle slaps you!
* * * LOW HITPOINT WARNING * * *
Your two-headed ogre rages.
The tentacle closely misses you. The tentacle slaps you!!
* * * LOW HITPOINT WARNING * * *
Drink which item? (? for menu, Esc to quit)
You feel better.
The tentacle slaps you but does no damage.
The tentacle slaps you!!
You die...

+.### §▓??$?%%[(▓▓ ...#
##▓?$)=?!)(▓▓ # #..#
.#▓[$!??%?(▓▓ # +^.#
.#▓[$[)?$[!▓▓ # #..#
.#▓)?)?$%[$▓▓
####..##.#▓((!!$$[$▓▓
..###...##▓▓▓▓▓▓▓+▓▓▓▓+▓
....≈≈)≈≈≈≈≈≈≈≈O@w─wXw≈▓
...§≈#'########t###V≈w≈▓
≈≈..≈#_._._...#§≈≈# ≈≈▓
≈§≈.≈#._._._..#≈§≈≈ ▓
≈≈≈≈≈#_._._._.#§≈§§
§§≈≈≈#._._._._#§§§§§
≈≈≈≈≈#.._._._.#≈§≈§≈≈
###≈≈#(.._._._#≈§≈≈≈t# #
#≈≈#...._._.#≈


You could see a kraken, 4 tentacles, a crocodile and a friendly two-headed ogre
(berserk).

Vanquished Creatures
  A yaktaur (D)
  3 polar bears (D)
  Menkaure (D)
  4 neqoxecs (D)
  A vampire mosquito (D)
  A wasp (D)
  4 necrophages (D)
  3 worms (D)
18 creatures vanquished.

Vanquished Creatures (collateral kills)
  2 crocodiles (D)
  A tentacle (D)
3 creatures vanquished.

Vanquished Creatures (others)
  A crocodile (D)
  126 tentacle segments (D)
127 creatures vanquished.

Grand Total: 148 creatures vanquished

Notes
Turn   | Place    | Note
--------------------------------------------------------------
     0 | D        | Kagutsuchi the Draconian Berserker began the quest for the Orb.
     0 | D        | Reached XP level 1. HP: 19/19 MP: 1/1
     1 | D        | Noticed a boulder beetle
     1 | D        | Noticed a boulder beetle
     5 | D        | Noticed a necrophage
     5 | D        | Noticed a necrophage
     5 | D        | Noticed a necrophage
     5 | D        | Noticed a necrophage
     9 | D        | Killed a necrophage
     9 | D        | Reached skill level 6 in Fighting
     9 | D        | Reached skill level 5 in Long Blades
     9 | D        | Reached skill level 5 in Dodging
     9 | D        | Reached XP level 2. HP: 31/31 MP: 2/2
     9 | D        | Reached XP level 3. HP: 38/38 MP: 3/3
     9 | D        | Reached XP level 4. HP: 45/45 MP: 4/4
    15 | D        | Killed a necrophage
    15 | D        | Reached skill level 7 in Fighting
    15 | D        | Reached XP level 5. HP: 53/53 MP: 5/5
    17 | D        | Killed a necrophage
    17 | D        | Reached skill level 8 in Fighting
    21 | D        | Killed a necrophage
    21 | D        | Reached skill level 9 in Fighting
    21 | D        | Reached XP level 6. HP: 57/63 MP: 6/6
   169 | D        | Noticed an obsidian statue
   174 | D        | Reached ** piety under Trog
   197 | D        | Noticed a neqoxec
   197 | D        | Noticed a neqoxec
   197 | D        | Noticed a neqoxec
   197 | D        | Noticed a neqoxec
   198 | D        | Gained mutation: You are dopey. (Int -2) [a neqoxec]
   204 | D        | Killed a neqoxec
   204 | D        | Reached skill level 10 in Fighting
   211 | D        | Killed a neqoxec
   211 | D        | Your scales start taking on an icy white colour.
   211 | D        | Reached XP level 7. HP: 73/73 MP: 7/7
   211 | D        | Gained mutation: Your flesh is cold resistant. [White Draconian growth]
   212 | D        | Gained mutation: You tend to lose your temper in combat. [a neqoxec]
   215 | D        | Killed a neqoxec
   215 | D        | Reached *** piety under Trog
   215 | D        | Reached skill level 11 in Fighting
   217 | D        | Gained mutation: Your muscles are strong. (Str +2) [a neqoxec]
   220 | D        | Gained mutation: Your magical capacity is low (-10% MP). [a neqoxec]
   228 | D        | Killed a neqoxec
   228 | D        | Reached skill level 10 in Long Blades
   336 | D        | Noticed an orange crystal statue
   338 | D        | Noticed Menkaure
   350 | D        | Killed Menkaure
   351 | D        | Found Heboimes's Book Shoppe.
   351 | D        | Found Doloix's Antique Weapon Emporium.
   352 | D        | Found Iticzep's Food Emporium.
   352 | D        | Found Nizer's Magic Scroll Shoppe.
   353 | D        | Found Icsah's Jewellery Shoppe.
   353 | D        | Found Hein's Antique Weapon Emporium.
   354 | D        | Found Gitisch's Distillery.
   355 | D        | Found Uhukeidu's Antique Armour Emporium.
   355 | D        | Found Goulev's Gadget Shoppe.
   360 | D        | Found Rutsy's Distillery.
   360 | D        | Found Ajuwkubb's Assorted Antiques.
   360 | D        | Noticed a death yak
   365 | D        | Found Saogh's Antique Armour Shoppe.
   365 | D        | Found Mecuohui's Antique Weapon Emporium.
   365 | D        | Noticed an oklob plant
   366 | D        | Found Jepecwea's Distillery.
   366 | D        | Found Ineitekk's Jewellery Emporium.
   366 | D        | Found Docion's Book Shoppe.
   371 | D        | Noticed a hell hog
   372 | D        | Noticed a hell hog
   372 | D        | Noticed a flying skull
   374 | D        | Noticed a flying skull
   376 | D        | Bought a potion of heal wounds for 55 gold pieces
   376 | D        | Bought a potion of heal wounds for 55 gold pieces
   376 | D        | Bought a potion of curing for 33 gold pieces
   376 | D        | Bought 2 potions of curing for 66 gold pieces
   376 | D        | Bought a potion of curing for 33 gold pieces
   378 | D        | Noticed a flying skull
   572 | D        | Noticed a flying skull
   576 | D        | Bought a polished broad axe for 270 gold pieces
   582 | D        | Bought a slice of pizza for 19 gold pieces
   582 | D        | Bought a meat ration for 65 gold pieces
   582 | D        | Bought a bread ration for 65 gold pieces
   586 | D        | Identified the +5 broad axe of Mayhem {vamp, *Rage MR++ Dex+4} (You bought it in a shop in the Dungeon)
   599 | D        | Bought a meat ration for 65 gold pieces
   610 | D        | Noticed a vampire mosquito
   613 | D        | Killed a vampire mosquito
   613 | D        | Reached XP level 8. HP: 83/83 MP: 7/7
   676 | D        | Found a corrupted altar of Lugonu.
   676 | D        | Found a bloodstained altar of Trog.
   678 | D        | Found an iron altar of Okawaru.
   678 | D        | Found a shimmering altar of Xom.
   679 | D        | Found a radiant altar of Vehumet.
   679 | D        | Found a sparkling altar of Nemelex Xobeh.
   679 | D        | Found a viscous altar of Jiyva.
   680 | D        | Found a snail-covered altar of Cheibriados.
   680 | D        | Found a roughly hewn altar of Beogh.
   680 | D        | Found a stormy altar of Qazlal.
   681 | D        | Found a white marble altar of Elyvilon.
   681 | D        | Found a shadowy altar of Dithmenos.
   681 | D        | Found a glowing golden altar of the Shining One.
   681 | D        | Found an ancient bone altar of Kikubaaqudgha.
   682 | D        | Found a burning altar of Makhleb.
   682 | D        | Found an opulent altar of Gozag.
   682 | D        | Found a glowing silver altar of Zin.
   684 | D        | Found an oddly glowing altar of Pakellas.
   684 | D        | Found a basalt altar of Yredelemnul.
   685 | D        | Found a sacrificial altar of Ru.
   685 | D        | Found a deep blue altar of Sif Muna.
   685 | D        | Noticed a polar bear
   687 | D        | Noticed a polar bear
   687 | D        | Found a blossoming altar of Fedhas.
   688 | D        | Noticed a polar bear
   689 | D        | Noticed a yaktaur
   709 | D        | Killed a polar bear
   709 | D        | Reached **** piety under Trog
   709 | D        | Reached skill level 12 in Fighting
   709 | D        | Reached skill level 10 in Dodging
   712 | D        | Killed a polar bear
   712 | D        | Reached skill level 1 in Axes
   713 | D        | Killed a polar bear
   723 | D        | Killed a yaktaur
  1236 | D        | Noticed a kraken
  1239 | D        | Reached XP level 9. HP: 69/92 MP: 8/8
  1244 | D        | HP: 1/92 [tentacle[a kraken] (23)]
  1245 | D        | Demolished by a tentacle

Skill      XL: |  1  2  3  4  5  6  7  8 |
---------------+-------------------------+-----
Fighting       | 6 7 9 10 11 12 | 12.6
Long Blades    | 5 6 8 9 10 11 | 11.4
Dodging        | 5 6 7 8 9 11 | 11.5
Axes           | 2 |  2.6
Stealth        | |  0.4

Action                   |  1- 3 |  4- 6 |  7- 9 || total
-------------------------+-------+-------+-------++-------
Melee: Falchion          |     3 |    31 |    25 ||    59
       Tailslap          |       |     6 |    10 ||    16
       Broad axe         |       |       |    29 ||    29
Invok: Berserk           |     1 |     2 |     2 ||     5
       Brothers in Arms  |       |       |     1 ||     1
 Abil: Breathe Frost     |       |       |     1 ||     1
  Use: Potion            |       |       |     5 ||     5
  Eat: Bread ration      |       |       |     2 ||     2
       Meat ration       |       |       |     1 ||     1
       Pizza             |       |       |     1 ||     1
Armor: Skin              |       |     4 |    22 ||    26
Dodge: Dodged            |     1 |    11 |    92 ||   104
